[Event "*** SCC Grand Prix: Titled Tuesday Blitz"]
[Site "Chess.com"]
[Date "2020.07.14"]
[Round "6"]
[White "Sam_ChessMood"]
[Black "Vesper2018"]
[Result "1/2-1/2"]
[WhiteElo "2803"]
[BlackElo "2590"]
[TimeControl "180+1"]
[EndTime "11:09:55 PDT"]
[Termination "Game drawn by agreement"]

1. e4 c5 2. Nc3 d6 3. f4 g6 4. Nf3 Bg7 5. Bb5+ Bd7 6. Bc4 Nc6 7. O-O e6 8. f5 Nf6 9. d3 O-O 10. fxg6 fxg6 11. e5 dxe5 12. Bg5 h6 13. Bh4 g5 14.
Bg3 Nh5 15. Ne4 Nxg3 16. hxg3 Qe7 17. a3 Nd4 18. Nxd4 exd4 19. a4 Rxf1+ 20. Qxf1 Bc6 21.
Qf5 b6 22. b3 Re8 23. Rf1 Kh8 24. Qg6 Rf8 25. Rxf8+ Qxf8 26. Qxe6 Bxe4 27. Qxe4 Bf6 28.
Bd5 Qe7 29. Qg6 Bg7 30. Be4 Kg8 31. Qf5 a5 32. Qc8+ Kf7 33. Qc6 Qf6 34. Bd5+ Ke7 35.
Qc7+ Kf8 36. Qc8+ Ke7 37. Qc7+ Kf8 38. Be4 Qe5 39. Qd8+ Kf7 40. Kh2 h5 41. Kh3 g4+ 42.
Kh2 h4 43. Qxh4 Qe6 44. Qh5+ Kf8 45. Qh4 Bf6 46. Qh7 Bg7 47. Bf5 Qe5 48. Bxg4 Qg5 49.
Qf5+ Qxf5 50. Bxf5 Ke7 51. Kh3 Kf6 52. Kg4 Bh6 53.
Be4 Bd2 54. Bc6 Bc1 55. Bb5 Bd2 56. Bc4 Bc1 57. Kf3 Bd2 58. Ke4 Kg5 59. Be6 Bc1 60. Kd5 Bd2 61. Kc6 Be1 62. g4 Bb4 63. Kxb6 Kf6 64.
Bf5 Kg5 65. Kc6 Kf6 66. Kd5 Kg5 67. Ke5 Ba3 68. Ke4 Bb4 69. Kd5 Ba3 70. Kc4 Bb4 71.
Kb5 Kf6 72. Be4 Kg5 73. Bf3 Kf6 74. Bd1 Kg5 75. Kc6 Kf4 76. Kd5 Kg5 77. Ke5 Ba3 78. Ke4 Bb4 79. Kf3 Ba3 80. Be2 Bb4 81. Bf1 Ba3 82.
g3 Bb4 83. Bh3 Ba3 84. Ke2 Bb4 85. Kd1 Ba3 86. Kd2 Bb4+ 87. Kc1 Kf6 88. Bg2 Kg5 89. Bf3 Kf6 90. Kd1 Kg5 91. Ke2 Kf6 92. Be4 Kg5 93. Kf3 Ba3 94. Bf5 Bb4 95. Ke4 Ba3 96. Kd5 Bb4 97.
Kc4 Kf6 98. c3 dxc3 99. d4 cxd4 100. Kxd4 Kg5 101. Kd3 Kf6 102. Kc2 Kg5 103. Kd3 1/2-1/2

[Event "*** SCC Grand Prix: Titled Tuesday Blitz"]
[Site "Chess.com"]
[Date "2020.07.14"]
[Round "6"]
[White "SamuelGhimpu2003"]
[Black "Kavyev_Ruslan"]
[Result "1/2-1/2"]
[WhiteElo "2598"]
[BlackElo "2456"]
[TimeControl "180+1"]
[EndTime "11:10:10 PDT"]
[Termination "Game drawn - insufficient material"]

1. d4 Nf6 2. c4 g6 3. Nc3 d5 4.
cxd5 Nxd5 5. e4 Nxc3 6. bxc3 Bg7 7. Nf3 c5 8. Be3 Qa5 9. Nd2 cxd4 10. Nc4 Qc7 11.
cxd4 Nd7 12. Rc1 O-O 13. Be2 b5 14. Ne5 Qa5+ 15. Bd2 Qxa2 16. Nc6 Re8 17. O-O a6 18. d5 Nb6 19. Bb4 e6 20. d6 Bd7 21. Ne7+ Kh8 22. Rc7 a5 23. Bc5 Na4 24. Rxd7 Nxc5 25. Rc7 Nxe4 26.
Bf3 Nc3 27. Rxc3 Bxc3 28. d7 Rad8 29. dxe8=Q+ Rxe8 30. Qd7 Rf8 31. Qxb5 a4 32. Qc5 Bg7 33. Nc6 a3 34. Na5 Qb2 35. Nc4 Qc3 36. Qxa3 Qxc4 37.
Qc1 Qd4 38. Qe3 Qb4 39. g3 h5 40. h4 Rd8 41. Rd1 Rxd1+ 42. Bxd1 Bd4 43. Qe2 Kg7 44. Kg2 Qc3 45. Bc2 Qb2 46. Bd3 Qb6 47. Be4 e5 48. Bd5 f5 49. f4 e4 50. Qc2 Bc5 51.
Qc3+ Bd4 52. Qc8 Qb2+ 53. Kh3 Qb6 54. Qb7+ Qxb7 55. Bxb7 Kf6 56. Kg2 Ke7 57. Bd5 Kf6 58. Kf1 Bc5 59. Ke2 Bb6 60. Bc4 Ba5 61. Bb3 Ke7 62. Bc4 Bb6 63. Bb3 Bc5 64. Bc4 Bd4 65. Bb3 Bc3 66. Bc4 Bf6 67. Bb3 Bg7 68. Bc4 Bf8 69.
Bb3 Kf6 70. Bc4 Bc5 71. Bb3 Bg1 72. Bc4 Ke7 73. Bb3 Bh2 74. Kf2 e3+ 75. Kxe3 Bxg3 76.
Kf3 Bxh4 77. Bc4 Be1 78. Bb3 Kf6 79. Ba4 Bd2 80. Be8 Ba5 81. Kg3 Bc7 82. Kf3 Bd6 83. Ke3 h4 84. Kf3 h3 85. Kg3 h2 86. Kxh2 Bxf4+ 87.
Kg2 g5 88. Bb5 Ke5 89. Be2 Be3 90. Bd1 Kf4 91. Be2 g4 92. Bd1 Kg5 93. Be2 Bc5 94.
Bd1 Kf4 95. Be2 Ke3 96. Bd1 Kd2 97. Bb3 f4 98. Be6 f3+ 99. Kg3 f2 100. Bc4 Kc3 101. Ba6 Kd2 102. Kxg4 Ke1 103. Kf3 Bd4 104. Bb5 f1=Q+ 105. Bxf1 1/2-1/2

[Event "*** SCC Grand Prix: Titled Tuesday Blitz"]
[Site "Chess.com"]
[Date "2020.07.14"]
[Round "6"]
[White "Dinamo81"]
[Black "ShimanovAlex"]
[Result "1/2-1/2"]
[WhiteElo "2660"]
[BlackElo "2817"]
[TimeControl "180+1"]
[EndTime "11:12:20 PDT"]
[Termination "Game drawn by stalemate"]

1. d4 Nf6 2. Bf4 c5 3. e3 d5 4. Nc3 cxd4 5. exd4 a6 6. Nf3 Bg4 7. h3 Bxf3 8. Qxf3 Nc6 9. O-O-O e6 10. g4 Bd6 11. Bxd6 Qxd6 12. g5 Nd7 13. h4 Nb6 14. Qg3 Qxg3 15. fxg3 g6 16. Ne2 Nc4 17. Nf4 Nd6 18. c3 Rc8 19. Bh3 Rc7 20. Rhe1 Re7 21. Re3 Kd8 22. Rde1 Rhe8 23. b3 Kc7 24. Kc2 Ne4 25.
Bg2 Nd6 26. Bh3 Kd8 27. Kd3 Rc7 28. Bg4 Ree7 29. h5 Ne4 30. Rxe4 dxe4+ 31. Rxe4 Rcd7 32. Ke3 e5 33. dxe5 Rc7 34. e6 gxh5 35. Bxh5 fxe6 36.
Nxe6+ Rxe6 37. Rxe6 Rg7 38. g6 Ne7 39. gxh7 Rxh7 40.
Bf3 Rh3 41. Kf2 Rh2+ 42. Bg2 Nc6 43. Re3 Kc7 44. g4 Nd8 45. Kg3 Rh7 46. g5 Rg7 47. Kf4 Kd6 48. Rd3+ Ke7 49. Be4 Ne6+ 50. Ke3 Nc5 51.
Rd5 Ne6 52. Re5 Kd6 53. Rd5+ Ke7 54. Re5 Kd6 55. Rd5+ Kc7 56. Re5 Nxg5 57. Bd3 Kd6 58. Rf5 Ne6 59. Rf2 Rg3+ 60. Kd2 Nc5 61. Bc2 a5 62.
Rf6+ Ke5 63. Rf2 b5 64. Re2+ Kd6 65. Re3 Rg1 66. Re1 Rg3 67. Re3 Rg4 68. Re2 b4 69. cxb4 axb4 70. Kc1 Ne6 71. Kb2 Nd4 72. Rd2 Kc5 73. a3 Nb5 74. axb4+ Kxb4 75. Bd1 Rg3 76. Be2 Rg2 77. Rc2 Nd6 78. Rd2 Nf5 79. Rc2 Ne3 80.
Rd2 Rf2 81. Kc1 Nf5 82. Bd1 Rf4 83. Kb2 Nd4 84. Bc2 Nb5 85. Rd5 Nc3 86. Rd8 Nb5 87. Rb8 Rf2 88. Kc1 Kc5 89. Rc8+ Kd4 90. Rb8 Na3 91.
Kb2 Nxc2 92. Rd8+ Ke5 93. Re8+ Kd5 94. Rc8 Nd4+ 95. Ka3 Nb5+ 96. Kb4 Nd6 97. Rc5+ Kd4 98. Rc1 Rf4 99. Rd1+ Ke5+ 100. Kc5 Ne4+ 101. Kc6 Rf2 102. Rd5+ Ke6 103. Rd8 Rc2+ 104. Kb5 Nd6+ 105. Kb4 Kd5 106. Rh8 Rc7 107. Rh5+ Kd4 108. Rh4+ Ne4 109. Kb5 Rb7+ 110. Ka4 Kd3 111. b4 Nc3+ 112. Ka5 Rb5+ 113. Ka6 Rf5 114. Rh3+ Kc4 115. Rh4+ Kb3 116. Kb6 Nd5+ 117. Kc5 Nxb4+ 118. Kd6 Nc2 119. Ke6 Ra5 120. Rh3+ Kc4 121. Rh4+ Nd4+ 122. Kf6 Ra6+ 123. Kf7 Kd5 124. Rh1 Nf3 125. Rd1+ Ke4 126. Rb1 Ne5+ 127. Ke7 Kf5 128. Rf1+ Ke4 129. Re1+ Kd4 130. Rd1+ Nd3 131. Rh1 Ke4 132. Rh4+ Kd5 133. Rh1 Ra7+ 134. Kf6 Nf2 135. Rh5+ Kd4 136. Rh4+ Ne4+ 137. Ke6 Ra6+ 138. Kd7 Rg6 139. Rh1 Kd5 140. Rh5+ Ng5 141. Rh1 Rg7+ 142. Ke8 Ne4 143. Kd8 Ke6 144. Kc8 Nf6 145. Kb8 Kd6 146. Ra1 Nd5 147. Ra6+ Kc5 148. Ra5+ Kc6 149. Ra1 Nb4 150. Rc1+ Kb6 151. Kc8 Nc6 152. Rb1+ Kc5 153. Rb5+ Kd6 154. Rd5+ Ke6 155. Rd6+ Kxd6 1/2-1/2

[Event "*** SCC Grand Prix: Titled Tuesday Blitz"]
[Site "Chess.com"]
[Date "2020.07.14"]
[Round "7"]
[White "Niclox"]
[Black "TokChess"]
[Result "1-0"]
[WhiteElo "2719"]
[BlackElo "2434"]
[TimeControl "180+1"]
[EndTime "11:13:27 PDT"]
[Termination "Niclox won by resignation"]

1. e4 c5 2. Nf3 d6 3. Bc4 Nf6 4. e5 dxe5 5. Nxe5 e6 6. Qe2 Nbd7 7. Nxf7 Kxf7 8. Qxe6+ Kg6 9. h4 h5 10. Bd3+ Kh6 11.
Qe3+ 1-0

[Event "*** SCC Grand Prix: Titled Tuesday Blitz"]
[Site "Chess.com"]
[Date "2020.07.14"]
[Round "7"]
[White "Tashik"]
[Black "RusPakhom"]
[Result "1-0"]
[WhiteElo "2410"]
[BlackElo "2276"]
[TimeControl "180+1"]
[EndTime "11:13:39 PDT"]
[Termination "Tashik won by resignation"]

1. c4 e5 2. Nc3 d6 3. Nf3 f5 4. g3 Nf6 5. d4 e4 6. Nh4 g6 7. Bg2 g5 8. Bxg5 Bg7 9. O-O Be6 10. d5 Bc8 11. f3 O-O 12. fxe4 Nxe4 13. Bxd8 1-0

[Event "*** SCC Grand Prix: Titled Tuesday Blitz"]
[Site "Chess.com"]
[Date "2020.07.14"]
[Round "7"]
[White "Stormeman100100"]
[Black "timator"]
[Result "1-0"]
[WhiteElo "2457"]
[BlackElo "2587"]
[TimeControl "180+1"]
[EndTime "11:14:17 PDT"]
[Termination "Stormeman100100 won by resignation"]

1. e4 e5 2. Nf3 Nc6 3. Bb5 a6 4. Ba4 Nf6 5. O-O b5 6. Bb3 Be7 7. Re1 O-O 8. a4 b4 9. d4 d6 10. dxe5 Nxe5 11. Nxe5 dxe5 12. Qxd8 Rxd8 13. Nd2 Rd4 14.
Nf3 Rxe4 15. Rxe4 Nxe4 16. Bd5 1-0

[Event "*** SCC Grand Prix: Titled Tuesday Blitz"]
[Site "Chess.com"]
[Date "2020.07.14"]
[Round "7"]
[White "Ze-Pequeno"]
[Black "GAusal"]
[Result "0-1"]
[WhiteElo "2241"]
[BlackElo "2072"]
[TimeControl "180+1"]
[EndTime "11:14:57 PDT"]
[Termination "GAusal won by resignation"]

1. e4 e5 2. Nf3 Nc6 3. Bb5 a6 4. Ba4 b5 5. Bb3 f5 6. d4 exd4 7. exf5 Qe7+ 8. Kf1 Bb7 9. Bg5 Nf6 10. Nxd4 Nxd4 11.
Qxd4 c5 0-1

[Event "*** SCC Grand Prix: Titled Tuesday Blitz"]
[Site "Chess.com"]
[Date "2020.07.14"]
[Round "7"]
[White "EvgenyT"]
[Black "Eternauta2400"]
[Result "1/2-1/2"]
[WhiteElo "2910"]
[BlackElo "2738"]
[TimeControl "180+1"]
[EndTime "11:15:02 PDT"]
[Termination "Game drawn by repetition"]

1. c4 e6 2. Nc3 d5 3. d4 Nf6 4. cxd5 exd5 5. Bg5 Be7 6. e3 O-O 7. Bd3 Nbd7 8. Qc2 Re8 9. Nf3 c6 10. O-O Nf8 11. Rab1 Ng6 12. b4 Bd6 13. b5 h6 14. Bxf6 Qxf6 15. bxc6 bxc6 16. Rfe1 Bg4 17. Be2 Bf5 18. Bd3 Bg4 19. Be2 Bf5 20. Bd3 Bg4 1/2-1/2

[Event "*** SCC Grand Prix: Titled Tuesday Blitz"]
[Site "Chess.com"]
[Date "2020.07.14"]
[Round "7"]
[White "ckgchess"]
[Black "DariaVoit"]
[Result "0-1"]
[WhiteElo "2643"]
[BlackElo "2500"]
[TimeControl "180+1"]
[EndTime "11:15:23 PDT"]
[Termination "DariaVoit won by resignation"]

1. e4 e6 2. d3 d5 3. Nd2 c5 4.
Ngf3 Nc6 5. g3 g6 6. Bg2 Bg7 7. O-O Nge7 8. h4 h6 9. Re1 O-O 10. Nf1 e5 11. exd5 Nxd5 12. Ne3 Be6 13. Nc4 Qc7 14. a4 b6 15. Nfd2 Rad8 16. Ne4 f5 17. Ned2 Ndb4 18. Nf3 Bxc4 0-1

[Event "*** SCC Grand Prix: Titled Tuesday Blitz"]
[Site "Chess.com"]
[Date "2020.07.14"]
[Round "7"]
[White "Duong57"]
[Black "rynos0411"]
[Result "1-0"]
[WhiteElo "2262"]
[BlackElo "2388"]
[TimeControl "180+1"]
[EndTime "11:15:24 PDT"]
[Termination "Duong57 won by resignation"]

1. d4 d5 2. c4 c6 3. Nf3 Nf6 4.
Nc3 e6 5. Bg5 Nbd7 6. e3 Qa5 7.
Nd2 Bb4 8. Qc2 dxc4 9. Bxf6 Nxf6 10. Nxc4 Qc7 11. Bd3 c5 12. O-O cxd4 13. Qa4+ Bd7 14. Qxb4 dxc3 15. Nd6+ Kd8 16. Nxf7+ Kc8 17. Nxh8 1-0

[Event "*** SCC Grand Prix: Titled Tuesday Blitz"]
[Site "Chess.com"]
[Date "2020.07.14"]
[Round "7"]
[White "northridgehawk"]
[Black "Korona_91"]
[Result "0-1"]
[WhiteElo "2352"]
[BlackElo "2495"]
[TimeControl "180+1"]
[EndTime "11:15:27 PDT"]
[Termination "Korona_91 won by resignation"]

1. e4 e6 2. Nc3 d5 3. Nf3 Nf6 4. e5 Nfd7 5. d4 c5 6. dxc5 Nc6 7. Bf4 Bxc5 8. Bd3 f6 9. exf6 Qxf6 10. Bg5 Qf7 11.
Bh4 Nde5 12. Qe2 Nxf3+ 13. Qxf3 Qxf3 14. gxf3 O-O 15. O-O-O Rxf3 16. Bg3 Bxf2 17. Bxf2 Rxf2 18. Nb5 Bd7 19. Rde1 Nb4 20. Be2 0-1

[Event "*** SCC Grand Prix: Titled Tuesday Blitz"]
[Site "Chess.com"]
[Date "2020.07.14"]
[Round "7"]
[White "x-3738459472"]
[Black "carlesdc96"]
[Result "0-1"]
[WhiteElo "2554"]
[BlackElo "2721"]
[TimeControl "180+1"]
[EndTime "11:15:29 PDT"]
[Termination "carlesdc96 won by resignation"]

1. e4 c5 2. Nc3 Nc6 3. Bb5 g6 4. Bxc6 bxc6 5. d3 Bg7 6. f4 d6 7. Nf3 Nf6 8. O-O O-O 9. Qe1 Rb8 10. Qh4 c4 11. f5 cxd3 12. cxd3 Ba6 13. Rd1 Kh8 14.
Bh6 Rg8 15. Ng5 Qf8 16. Bxg7+ Qxg7 17. g3 gxf5 18. Nh3 fxe4 19. Nxe4 Rb4 20. Re1 d5 21. a3 Rd4 0-1

[Event "*** SCC Grand Prix: Titled Tuesday Blitz"]
[Site "Chess.com"]
[Date "2020.07.14"]
[Round "7"]
[White "harkerchess"]
[Black "Stosk"]
[Result "1-0"]
[WhiteElo "2102"]
[BlackElo "2285"]
[TimeControl "180+1"]
[EndTime "11:15:29 PDT"]
[Termination "harkerchess won by checkmate"]

1. d4 d5 2. c4 e6 3. Nc3 a6 4. cxd5 exd5 5. Qc2 Nf6 6. Bg5 Be7 7. e3 O-O 8. Bd3 h6 9. Nge2 hxg5 10. h4 gxh4 11. Rxh4 Ne4 12. Rh1 f5 13. Nxd5 Bd6 14.
Ndf4 Bxf4 15. Nxf4 Nc6 16. Bc4+ Rf7 17. Qb3 Nd6 18. Bxf7+ Nxf7 19. Ng6 Qf6 20. Rh8# 1-0

[Event "*** SCC Grand Prix: Titled Tuesday Blitz"]
[Site "Chess.com"]
[Date "2020.07.14"]
[Round "7"]
[White "Phriex"]
[Black "aloe_normansen"]
[Result "0-1"]
[WhiteElo "2385"]
[BlackElo "2238"]
[TimeControl "180+1"]
[EndTime "11:15:47 PDT"]
[Termination "aloe_normansen won by resignation"]

1. d4 Nf6 2. c4 g6 3. g3 Bg7 4. Bg2 O-O 5. Nc3 Nc6 6. Nf3 d5 7. cxd5 Nxd5 8. e4 Nb6 9. d5 Na5 10. h3 c6 11. dxc6 Qxd1+ 12. Kxd1 Nxc6 13. Ke2 Be6 14. Be3 Bc4+ 15. Ke1 Nb4 16. Kd2 Rfd8+ 17. Kc1 Rac8 18. a3 Na2+ 19. Kc2 Nxc3 20. bxc3 Bd3+ 21. Kb3 Rxc3+ 0-1

[Event "*** SCC Grand Prix: Titled Tuesday Blitz"]
[Site "Chess.com"]
[Date "2020.07.14"]
[Round "7"]
[White "MergenKakabaev"]
[Black "Zubrrr"]
[Result "0-1"]
[WhiteElo "2426"]
[BlackElo "2636"]
[TimeControl "180+1"]
[EndTime "11:15:55 PDT"]
[Termination "Zubrrr won by resignation"]

1. e4 Nc6 2. Nf3 d6 3. d4 Nf6 4. Nc3 g6 5. h3 Bg7 6. Bd3 O-O 7.
O-O e5 8. d5 Ne7 9. Ne2 Ne8 10.
c4 f5 11. b4 f4 12. c5 h6 13.
cxd6 cxd6 14. a4 g5 15. b5 Ng6 16. Ba3 h5 17. Nh2 g4 18. hxg4 hxg4 19. g3 Qg5 20. Rc1 Bd7 21. Qd2 Qh5 22. Rc2 f3 0-1

[Event "*** SCC Grand Prix: Titled Tuesday Blitz"]
[Site "Chess.com"]
[Date "2020.07.14"]
[Round "7"]
[White "Kostya26"]
[Black "arminmusovic"]
[Result "0-1"]
[WhiteElo "2396"]
[BlackElo "2558"]
[TimeControl "180+1"]
[EndTime "11:15:56 PDT"]
[Termination "arminmusovic won by resignation"]

1. d4 d5 2. Nf3 Nf6 3. Bf4 c5 4. e3 Nc6 5. c3 a6 6. Nbd2 Bg4 7.
Be2 e6 8. Ne5 Bxe2 9. Qxe2 Bd6 10. Nxc6 bxc6 11. Bxd6 Qxd6 12. dxc5 Qxc5 13. e4 dxe4 14.
Nxe4 Nxe4 15. Qxe4 Qd5 16. Qxd5 cxd5 17. Kd2 Kd7 18.
Rad1 Rhc8 19. Rhe1 a5 20. Kd3 Rc4 21. Re2 Rac8 22. Rc2 e5 23. Rdd2 Ke6 24. b3 e4+ 25.
Ke3 Rxc3+ 26. Rxc3 Rxc3+ 27. Kd4 Rc1 28. Rb2 f5 29. a3 f4 30. b4 Kd6 0-1

[Event "*** SCC Grand Prix: Titled Tuesday Blitz"]
[Site "Chess.com"]
[Date "2020.07.14"]
[Round "7"]
[White "Barmen_EV"]
[Black "Jabberwockiez"]
[Result "1-0"]
[WhiteElo "2436"]
[BlackElo "2292"]
[TimeControl "180+1"]
[EndTime "11:15:59 PDT"]
[Termination "Barmen_EV won by resignation"]

1. d4 Nf6 2. c4 e6 3. Nc3 Bb4 4. e3 O-O 5. a3 Bxc3+ 6. bxc3 c5 7. Bd3 d5 8. cxd5 exd5 9. Ne2 Nc6 10. O-O Ne7 11.
Ng3 Ng6 12. f3 Re8 13. Qd2 Nh4 14. Bb2 Qa5 15. Qf2 Bd7 16. e4 cxd4 17. cxd4 Rac8 18. e5 Bb5 19. Bxb5 Qxb5 20. exf6 Re2 21. Qxe2 Qxe2 22.
Nxe2 1-0

[Event "*** SCC Grand Prix: Titled Tuesday Blitz"]
[Site "Chess.com"]
[Date "2020.07.14"]
[Round "7"]
[White "ENEASZ"]
[Black "VladimirBelous"]
[Result "1-0"]
[WhiteElo "2590"]
[BlackElo "2724"]
[TimeControl "180+1"]
[EndTime "11:16:06 PDT"]
[Termination "ENEASZ won by resignation"]

1. e4 c5 2. c3 Nf6 3. e5 Nd5 4.
d4 cxd4 5. cxd4 Nc6 6. Nf3 d6 7.
Bc4 dxe5 8. Bxd5 Qxd5 9. Nc3 Qd6 10. d5 Nd8 11. O-O a6 12. Be3 f5 13. Rc1 Bd7 14.
Re1 g6 15. Nxe5 Bg7 16. Nxd7 Qxd7 17. Bg5 O-O 18. Bxe7 Re8 19. d6 Nf7 20. Nd5 Nxd6 21. Nb6 1-0

[Event "*** SCC Grand Prix: Titled Tuesday Blitz"]
[Site "Chess.com"]
[Date "2020.07.14"]
[Round "7"]
[White "NefeLV"]
[Black "KratosKrieg"]
[Result "0-1"]
[WhiteElo "1814"]
[BlackElo "1957"]
[TimeControl "180+1"]
[EndTime "11:16:19 PDT"]
[Termination "KratosKrieg won by resignation"]

1. c4 e5 2. Nc3 Nf6 3. Nf3 e4 4. Nd4 c6 5. d3 d5 6. cxd5 cxd5 7.
dxe4 dxe4 8. Bg5 Be7 9. e3 Bg4 10. Qb3 O-O 11. Qxb7 Nbd7 12. Bb5 Nc5 13. O-O Nxb7 0-1

[Event "*** SCC Grand Prix: Titled Tuesday Blitz"]
[Site "Chess.com"]
[Date "2020.07.14"]
[Round "7"]
[White "Godzillator"]
[Black "K-Nygren"]
[Result "0-1"]
[WhiteElo "2319"]
[BlackElo "2478"]
[TimeControl "180+1"]
[EndTime "11:16:33 PDT"]
[Termination "K-Nygren won by resignation"]

1. d4 Nf6 2. c4 g6 3. Nc3 Bg7 4. e4 d6 5. Be2 O-O 6. Bg5 Nbd7 7. Qc1 c5 8. d5 b5 9. cxb5 a6 10. a4 axb5 11. Bxb5 Ba6 12. f3 Ne5 13. Bxa6 Rxa6 14. Qc2 c4 15. Nge2 Nd3+ 16. Kf1 Qb6 17. Bh4 Rb8 18. Ra2 Nb4 19. Qb1 Nxa2 20. Qxa2 Qxb2 21. Qxc4 Rab6 22. Kf2 Nd7 23. Bxe7 Ne5 24. Qc7 R6b7 25. Qxd6 Nd3+ 26. Ke3 Bxc3 27. Kxd3 Qd2+ 28. Kc4 Rc8+ 29. Qc6 0-1

[Event "*** SCC Grand Prix: Titled Tuesday Blitz"]
[Site "Chess.com"]
[Date "2020.07.14"]
[Round "7"]
[White "topotun"]
[Black "m_ezat"]
[Result "1-0"]
[WhiteElo "2712"]
[BlackElo "2547"]
[TimeControl "180+1"]
[EndTime "11:16:42 PDT"]
[Termination "topotun won by checkmate"]

1. e4 c6 2. d4 d5 3. Nd2 dxe4 4.
Nxe4 Nd7 5. Bc4 Ngf6 6. Ng5 e6 7. Qe2 Nb6 8. Bd3 h6 9. N5f3 c5 10. Be3 a6 11. c3 Nbd5 12. Ne5 Qc7 13. Ngf3 b5 14. O-O Bb7 15. c4 Nxe3 16. fxe3 b4 17. Nxf7 Kxf7 18. Ne5+ Kg8 19. Rxf6 gxf6 20. Qg4+ Bg7 21.
Qxe6+ Kf8 22. Ng6# 1-0

[Event "*** SCC Grand Prix: Titled Tuesday Blitz"]
[Site "Chess.com"]
[Date "2020.07.14"]
[Round "7"]
[White "Munkhzul_Turmunkh"]
[Black "sergivila"]
[Result "1-0"]
[WhiteElo "2549"]
[BlackElo "2368"]
[TimeControl "180+1"]
[EndTime "11:16:43 PDT"]
[Termination "Munkhzul_Turmunkh won by resignation"]

1. e4 c5 2. Nf3 d6 3. d4 cxd4 4. Nxd4 Nf6 5. Nc3 a6 6. Be3 e5 7.
Nb3 Be6 8. f3 h5 9. Nd5 Bxd5 10.
exd5 Nbd7 11. Qd2 g6 12. Be2 Bg7 13. O-O b6 14. c4 O-O 15. Rae1 Kh7 16. Qd1 Ng8 17.
f4 exf4 18. Bxf4 Ne5 19. Nd4 Ne7 20. Bg5 f6 21. Be3 Qd7 22. Ne6 Bh6 23. Bxb6 Rfb8 24. Bd4 a5 25. Rxf6 1-0

[Event "*** SCC Grand Prix: Titled Tuesday Blitz"]
[Site "Chess.com"]
[Date "2020.07.14"]
[Round "7"]
[White "sergoy"]
[Black "BakaPG"]
[Result "1-0"]
[WhiteElo "2813"]
[BlackElo "2638"]
[TimeControl "180+1"]
[EndTime "11:16:46 PDT"]
[Termination "sergoy won by resignation"]

1. d4 d5 2. c4 c6 3. Nf3 Nf6 4. Nc3 e6 5. Bg5 dxc4 6. e4 b5 7. e5 h6 8. Bh4 g5 9. Nxg5 hxg5 10. Bxg5 Be7 11. exf6 Bxf6 12. Bxf6 Qxf6 13. g3 Bb7 14.
Bg2 Na6 15. a4 O-O-O 16. axb5 cxb5 17. Bxb7+ Kxb7 18. O-O Nc7 19. Ne4 Qh6 20. h4 Rd5 21. Qf3 f5 22. Nc5+ Kb8 23. Qa3 Rxc5 24. Qxa7+ Kc8 25.
Qxc5 Kd7 26. Ra7 Rc8 27. d5 e5 28. Qxb5+ Kd8 29. Qxc4 Qd6 30. Qc6 Ke7 31. Qxd6+ Kxd6 32. Rc1 1-0

[Event "*** SCC Grand Prix: Titled Tuesday Blitz"]
[Site "Chess.com"]
[Date "2020.07.14"]
[Round "7"]
[White "mirochka"]
[Black "HanSchut"]
[Result "1-0"]
[WhiteElo "2181"]
[BlackElo "2317"]
[TimeControl "180+1"]
[EndTime "11:16:47 PDT"]
[Termination "mirochka won by resignation"]

1. e4 c5 2. b4 b6 3. bxc5 bxc5 4. Nc3 Nc6 5. Rb1 g6 6. Nf3 Bg7 7. Bc4 Nd4 8. Bd5 Nc6 9. O-O e6 10. Bxc6 dxc6 11. e5 Ne7 12. d3 O-O 13. Ba3 c4 14. dxc4 Qxd1 15. Rfxd1 Re8 16. Bxe7 Rxe7 17. Rd8+ Bf8 18.
Ne4 Rd7 19. Nf6+ 1-0

[Event "*** SCC Grand Prix: Titled Tuesday Blitz"]
[Site "Chess.com"]
[Date "2020.07.14"]
[Round "7"]
[White "deep306"]
[Black "Nathan_Filgueiras"]
[Result "1-0"]
[WhiteElo "2595"]
[BlackElo "2412"]
[TimeControl "180+1"]
[EndTime "11:16:54 PDT"]
[Termination "deep306 won by checkmate"]

1. d4 Nf6 2. c4 e6 3. Nc3 Bb4 4.
e3 O-O 5. Bd2 b6 6. Nf3 Bb7 7. Bd3 Bxc3 8. Bxc3 Ne4 9. Bxe4 Bxe4 10. d5 d6 11. Qd4 e5 12. Qxe4 f5 13. Qc2 Nd7 14. Nd2 a5 15. O-O a4 16. f4 Qe7 17. Rae1 Rae8 18. Nf3 a3 19. b3 g6 20. e4 fxe4 21. Qxe4 Nc5 22. Qe3 Qd7 23. fxe5 dxe5 24. Nxe5 Rxf1+ 25. Rxf1 Qd6 26. Ng4 Ne4 27. Nh6# 1-0

[Event "*** SCC Grand Prix: Titled Tuesday Blitz"]
[Site "Chess.com"]
[Date "2020.07.14"]
[Round "7"]
[White "GHANDEEVAM2003"]
[Black "bascheyaro"]
[Result "0-1"]
[WhiteElo "2998"]
[BlackElo "2720"]
[TimeControl "180+1"]
[EndTime "11:17:08 PDT"]
[Termination "bascheyaro won by resignation"]

1. e4 e6 2. d3 d5 3. Qe2 Nf6 4.
g3 c5 5. Bg2 Nc6 6. c3 dxe4 7.
dxe4 Be7 8. Nf3 O-O 9. O-O e5 10.
Rd1 Qc7 11. h3 Be6 12. Be3 Rad8 13. Nbd2 b6 14. Kh2 Rd7 15. Ng5 Rfd8 16. Nxe6 fxe6 17. Qc4 Rd6 18. Bf3 Na5 19. Qe2 c4 20. Nf1 Kf7 21.
Rxd6 Rxd6 22. Nd2 Rd7 23. Bg2 h6 24. Kg1 Bc5 25. Nf1 Rd3 26. b4 Bxe3 27. Nxe3 Nb7 28.
Nxc4 Qxc4 29. Bf1 Qxc3 30. Qxd3 Qxa1 31. Qa6 Nd6 32. Qxa7+ Kg6 33. Qxb6 Ndxe4 34. b5 Nd2 0-1

[Event "*** SCC Grand Prix: Titled Tuesday Blitz"]
[Site "Chess.com"]
[Date "2020.07.14"]
[Round "7"]
[White "Irishchessman16"]
[Black "CrushingKings"]
[Result "1-0"]
[WhiteElo "2400"]
[BlackElo "2533"]
[TimeControl "180+1"]
[EndTime "11:17:13 PDT"]
[Termination "Irishchessman16 won by resignation"]

1. e4 c5 2. f4 e5 3. Nf3 d6 4. Bc4 Nc6 5. O-O Be7 6. d3 h6 7. fxe5 dxe5 8. Bxf7+ Kxf7 9. Nxe5+ Ke6 10. Qg4+ Kd6 11. Nc4+ Kc7 12. Bf4+ Bd6 13. Qxg7+ Nge7 14. Bxd6+ Kd7 15. Ne5+ Nxe5 16. Qxe5 Rf8 17. Rxf8 Qxf8 18. Nc3 Nc6 19. Bxc5 Nxe5 20. Bxf8 b5 21. Bxh6 b4 22. Nd5 Rb8 23. Bf4 1-0

[Event "*** SCC Grand Prix: Titled Tuesday Blitz"]
[Site "Chess.com"]
[Date "2020.07.14"]
[Round "7"]
[White "snap_man"]
[Black "orrbaverlekszarnyon"]
[Result "0-1"]
[WhiteElo "2304"]
[BlackElo "2172"]
[TimeControl "180+1"]
[EndTime "11:17:13 PDT"]
[Termination "orrbaverlekszarnyon won by resignation"]

1. e4 c5 2. Nf3 d6 3. d4 cxd4 4. Qxd4 a6 5. h3 Nc6 6. Qe3 Nf6 7.
c4 g6 8. Nc3 Bg7 9. Bd3 O-O 10.
O-O Nd7 11. Rd1 Nde5 12. Bf1 Nxf3+ 13. Qxf3 Be6 14. c5 Nd4 15. Qd3 dxc5 16. Be3 Qc7 17. Nd5 Bxd5 18. exd5 Rfd8 19. Bxd4 Bxd4 20. Qc4 b5 21.
Qb3 Qd6 22. a4 Rab8 23. axb5 axb5 24. Ra7 c4 0-1

[Event "*** SCC Grand Prix: Titled Tuesday Blitz"]
[Site "Chess.com"]
[Date "2020.07.14"]
[Round "7"]
[White "warmoatmeal"]
[Black "grunbergmihai"]
[Result "1-0"]
[WhiteElo "2346"]
[BlackElo "2510"]
[TimeControl "180+1"]
[EndTime "11:17:22 PDT"]
[Termination "warmoatmeal won by resignation"]

1. Nf3 Nf6 2. d4 g6 3. c4 Bg7 4. Nc3 O-O 5. Bg5 c5 6. e3 d6 7.
Be2 cxd4 8. exd4 Nc6 9. h3 Bd7 10. O-O Rc8 11. Rc1 a6 12. b3 Na5 13. Re1 Re8 14.
Bf1 h6 15. Bh4 Kh7 16. d5 Nh5 17. Kh1 b5 18. Nd2 bxc4 19. Nxc4 Nxc4 20. Bxc4 Qa5 21. Qd2 Nf6 22. Ne4 Nxe4 23. Qxa5 1-0